Workbook
Name __xlfn_COUNTIFS: NA()
Name __xlfn_SUMIFS: NA()
Name Excel_BuiltIn_Print_Area: '1. INSTRUÇÕES'!$A$1:$H$21
Name Excel_BuiltIn_Print_Area: '10. DEMONSTRATIVO CONSOLIDADO'!$A$1:$E$32
Name Excel_BuiltIn_Print_Area: '2. IDENTIFICAÇÃO DO PROJETO'!$A$1:$H$28
Name Excel_BuiltIn_Print_Area: '3. DEMONSTRATIVO DA RECEITA'!$A$1:$H$31
Name Excel_BuiltIn_Print_Area: '5. RENDIMENTO DA APLICAÇÃO'!$A$1:$G$50
Name Excel_BuiltIn_Print_Area: '6. DETALHAMENTO SUBVENÇÃO'!$A$2:$G$95
Name Excel_BuiltIn_Print_Area: '7. DETALHAMENTO CONTRAPARTIDA'!$A$1:$H$46
Name Excel_BuiltIn_Print_Area: '8. RELATÓRIO DE VIAGENS'!$A$2:$H$47
Name Excel_BuiltIn_Print_Area: '9. BENS DURÁVEIS'!$A$1:$I$47
Name Excel_BuiltIn_Print_Area_2_1: NA()
Name Excel_BuiltIn_Print_Area_2_1: "$#REF!.$A$1:$F$42"
Name Excel_BuiltIn_Print_Area_3_1: NA()
Name Excel_BuiltIn_Print_Area_3_1: NA()
Name Excel_BuiltIn_Print_Area_3_1: "$#REF!.$A$1:$F$251"
Name Excel_BuiltIn_Print_Area_3_1_1: NA()
Name Excel_BuiltIn_Print_Area_3_1_1: "$#REF!.$A$1:$F$49"
Name Excel_BuiltIn_Print_Area_4_1: NA()
Name Excel_BuiltIn_Print_Area_4_1: "$#REF!.$A$1:$F$42"
Name Excel_BuiltIn_Print_Area_5_1: NA()
Name Excel_BuiltIn_Print_Area_5_1: "$#REF!.$A$1:$F$28"
Name Excel_BuiltIn_Print_Area_6: NA()
Name Excel_BuiltIn_Print_Area_6: "$#REF!.$A$1:$F$40"
Name Excel_BuiltIn_Print_Area_9_1: NA()
Name Excel_BuiltIn_Print_Area_9_1: "$#REF!.$A$1:$F$240"
Name Excel_BuiltIn_Print_Titles: '6. DETALHAMENTO SUBVENÇÃO'!$A$2:$IR$12

Sheet 1. INSTRUÇÕES
A2: 1. INSTRUÇÕES DO RELATÓRIO DE PRESTAÇÃO DE CONTAS | H2: Versão:001
H3: Aprovada: 30/06/2016
H4: Revisão: 17/11/2025
A5: RELATÓRIO DE PRESTAÇÃO DE CONTAS FINANCEIRA - SUBVENÇÃO ECONÔMICA
A6: INSTRUÇÕES Preencher apenas as células em branco nas planilhas que compõem o relatório
A7: 1. A execução de despesas e prestação de contas técnica e financeira de todos os fomentos concedidos pela FAPEG é regida pela Resolução Normativa (RN) FAPEG nº 01/2023, disponível na página da Fundação (https://goias.gov.br/fapeg/fapeg/legislacao/resolucoes/).
A8: 2. Os documentos devem estar legíveis. Não serão aceitos documentos ilegíveis, corrompidos ou incompletos no preenchimento ou discriminação de atividades bens adquiridos ou serviços contratados. O beneficiário deve garantir a legibilidade de documentos em papel termossensível com a digitalização imediata. Documentos de dimensão inferior a papel A4 devem ser digitalizados nesta dimensão para serem anexados à prestação de contas.
A9: 3. São anexos do relatório financeiro os documentos abaixo:
A10: a) para todas as despesas: notas fiscais, cupons fiscais ou recibos. Estes documentos devem ser emitidos conforme descrito no art. 73 (notas fiscais), art. 74 (cupons fiscais) e art. 75 (recibos) da RN nº 01/2023. A inobservância destas normas acarreta na rejeição do documento e consequente obrigação de devolução do recurso ao erário;
A11: b) para passagens aéreas: bilhete eletrônico em que conste nome do passageiro, itinerário e valor pago pela passagem aérea, voucher ou cartão de embarque e desembarque;
A12: c) para passagens terrestres: bilhete de passagem com data, itinerário e valor pago;
A13: d) para combustível: Relatório de Viagens (nesta planilha) e comprovantes de pagamento do combustível (NFs ou cupons fiscais);
A14: e) três orçamentos por despesa (exceto para combustível);
A15: f) certidões de regularidade fiscal dos fornecedores junto à Fazenda Pública do Estado de Goiás (SEFAZ);
A16: g) demais documentos que comprovem movimentações financeiras no decorrer da execução, conforme definido pela RN nº 01/2023;
... A24: 8. Em caso de dúvidas, entrar em contato com a Gerência de Avaliação e Monitoramento (GAM) através dos telefones (62) 3623-0413 / 3623-0439 e e-mails atendimento.fapeg@goias.gov.br ou gpppesquisa.fapeg@goias.gov.br.

Sheet 2. IDENTIFICAÇÃO DO PROJETO
A2: TÍTULO: INDENTIFICAÇÃO DO PROJETO – SUBVENÇÃO ECONÔMICA À INOVAÇÃO | H2: Versão:001
H3: Aprovada: 17/11/2020
H4: Revisão: 17/11/2025
A5: SUBVENÇÃO ECONÔMICA À INOVAÇÃO
A6: RELATÓRIO DE PRESTAÇÃO DE CONTAS FINANCEIRA | H6: [ ] PARCIAL
H7: [ ] FINAL
A8: 2. IDENTIFICAÇÃO DO PROJETO
A9: Razão Social
A10: Nome Fantasia
A11: CNPJ
A12: Endereço
A13: CEP | D13: Cidade: | G13: Estado:
A14: Fone: | D14: E-mail:
A15: ID Chamada Pública:
A16: Nº Termo de Outorga: | F16: Nº Processo:
A17: Título do Projeto:
A18: Coordenador Técnico do Projeto (nome): | G18: CPF:
A19: Responsável Legal da Empresa Coexecutora (nome): | G19: CPF:
A20: Responsável Legal da Empresa Beneficiária (nome): | G20: CPF:
A21: Período de Vigência do Projeto:
A22: Período da Prestação de Contas do Projeto:
A23: DECLARAÇÃO DE RESPONSABILIDADE
A24: Declaro a veracidade de todas as informações prestadas e a autenticidade dos documentos digitalizados e anexados nesta prestação de contas, estando ciente da minha responsabilidade e das penalidades cabíveis na hipótese de inserção de informações ou documentos falsos. Me comprometo ainda a apresentar documentos complementares e/ou versões originais, caso solicitados pela FAPEG.
A25: ASSINATURAS (via Gov.br) e CARIMBOS (se não for assinatura eletrônica)
A26: _________________________________________________ Coordenador técnico do projeto
A27: __________________________________________________ Responsável legal da empresa coexecutora
A28: ____________________________________________________ Responsável legal da empresa beneficiária
A29: Local: Data:

Sheet 3. DEMONSTRATIVO DA RECEITA
A2: TÍTULO: DEMONSTRATIVO DA RECEITA – SUBVENÇÃO ECONÔMICA À INOVAÇÃO | H2: Versão:001
H3: Aprovada: 17/11/2020
H4: Revisão: 17/11/2025
A5: SUBVENÇÃO ECONÔMICA À INOVAÇÃO
A6: RELATÓRIO DE PRESTAÇÃO DE CONTAS FINANCEIRA
A7: 3. DEMONSTRATIVO DA RECEITA
A8: Razão Social: | B8: ='2. IDENTIFICAÇÃO DO PROJETO'!B9:H9 -> 0 | G8: CNPJ: | H8: ='2. IDENTIFICAÇÃO DO PROJETO'!B11 -> 0
A9: Nº Termo de Outorga: | B9: ='2. IDENTIFICAÇÃO DO PROJETO'!B16:C16 -> 0 | E9: Nº Processo: | F9: ='2. IDENTIFICAÇÃO DO PROJETO'!G16 -> 0
A10: Título do Projeto: | B10: ='2. IDENTIFICAÇÃO DO PROJETO'!B17:H17 -> 0
A11: DADOS DA CONTA CORRENTE PARA MOVIMENTAÇÃO:
A12: BANCO: | C12: AGÊNCIA: | E12: C/C:
A14: VALOR CONCEDIDO – FAPEG/FINEP
A15: Nº DE ORDEM | B15: DATA | C15: HISTÓRICO | H15: VALOR
A16: 1º | C16: DEPÓSITO | H16: 0
A17: 2º | C17: DEPÓSITO | H17: 0
A18: 3º | C18: DEPÓSITO | H18: 0
A19: 4º | C19: DEPÓSITO | H19: 0
A20: 5º | C20: DEPÓSITO | H20: 0
A21: SUBTOTAL | H21: 0
A23: VALOR DE CONTRAPARTIDA FINANCEIRA – EMPRESA Apresentar os valores da contrapartida financeira obrigatória aportados na conta corrente específica
A24: Nº DE ORDEM | B24: DATA | C24: HISTÓRICO | H24: VALOR
A25: 1º | C25: DEPÓSITO | H25: 0
A26: 2º | C26: DEPÓSITO | H26: 0
A27: 3º | C27: DEPÓSITO | H27: 0
A28: 4º | C28: DEPÓSITO | H28: 0
A29: 5º | C29: DEPÓSITO | H29: 0
A30: SUBTOTAL | H30: 0
A31: TOTAL GERAL DO PROJETO | H31: 0

Sheet 4. CONCILIAÇÃO BANCÁRIA
A2: TÍTULO: CONCILIAÇÃO BANCÁRIA – SUBVENÇÃO ECONÔMICA | D2: Versão:001
D3: Aprovada: 17/11/2020
D4: Revisão: 17/11/2025
A5: SUBVENÇÃO ECONÔMICA À INOVAÇÃO
A6: RELATÓRIO DE PRESTAÇÃO DE CONTAS FINANCEIRA
A7: 4. CONCILIAÇÃO BANCÁRIA
A8: Razão Social: | B8: ='2. IDENTIFICAÇÃO DO PROJETO'!B9:H9 -> 0 | C8: CNPJ: | D8: ='2. IDENTIFICAÇÃO DO PROJETO'!B11 -> 0
A9: Nº Termo de Outorga: | B9: ='2. IDENTIFICAÇÃO DO PROJETO'!B16:C16 -> 0 | C9: Nº Processo: | D9: ='2. IDENTIFICAÇÃO DO PROJETO'!G16 -> 0
A10: Título do Projeto: | B10: ='2. IDENTIFICAÇÃO DO PROJETO'!B17:H17 -> 0
A12: A. SALDO CONFORME EXTRATOS BANCÁRIOS NA DATA FINAL DO PERÍODO
A13: DISCRIMINAÇÃO | D13: VALOR
A14: a) Saldo em Conta Corrente | D14: 0
A15: b) Saldo em Aplicações Financeiras | D15: 0
A16: c) TOTAL (a+b) | D16: =SUM(D14+D15) -> 0
A18: B. RESTITUIÇÕES NÃO CREDITADAS ATÉ A DATA FINAL DESTA PRESTAÇÃO DE CONTAS
A19: DESCRIÇÃO | C19: DATA | D19: VALOR
D20: 0
D21: 0
D22: 0
A23: d) TOTAL | D23: =SUM(D20:D22) -> 0
A25: C. VALORES NÃO DEBITADOS ATÉ A DATA FINAL DESTA PRESTAÇÃO DE CONTAS
A26: DESCRIÇÃO | C26: DATA | D26: VALOR
D27: 0
D28: 0
D29: 0
A30: e) TOTAL | D30: =SUM(D27:D29) -> 0
A32: D. SALDO CONTÁBIL (c+d-e) | D32: =D16+D23-D30 -> 0

Sheet 5. RENDIMENTO DA APLICAÇÃO
A2: TÍTULO: DETALHAMENTO DO RENDIMENTO DA APLICAÇÃO FINANCEIRA NO PERÍODO – SUBVENÇÃO ECONÔMICA À INOVAÇÃO | G2: Versão:001
G3: Aprovada: 17/11/2020
G4: Revisão: 17/11/2025
A5: SUBVENÇÃO ECONÔMICA À INOVAÇÃO
A6: RELATÓRIO DE PRESTAÇÃO DE CONTAS FINANCEIRA
A7: 5. DETALHAMENTO DO RENDIMENTO DA APLICAÇÃO FINANCEIRA NO PERÍODO
A8: Razão Social: | B8: ='2. IDENTIFICAÇÃO DO PROJETO'!$B$9:$H$9 -> 0 | E8: CNPJ: | G8: ='2. IDENTIFICAÇÃO DO PROJETO'!B11 -> 0
A9: Nº Termo de Outorga: | B9: ='2. IDENTIFICAÇÃO DO PROJETO'!B16:C16 -> 0 | E9: Nº Processo: | G9: ='2. IDENTIFICAÇÃO DO PROJETO'!G16 -> 0
A10: Título do Projeto: | B10: ='2. IDENTIFICAÇÃO DO PROJETO'!B17:H17 -> 0
A11: APLICAÇÃO | D11: DATA APLICAÇÃO DO RECURSO | F11: VALOR R$
A12: VALOR APLICADO INICIAL DA SUBVENÇÃO: | D12: 00/00/0000 | F12: 0
A13: DETALHAMENTO
A14: ITEM | B14: MÊS/ANO | C14: VALORES APLICADOS NO MÊS | D14: VALORES RESGATADOS NO MÊS | F14: RENDIMENTO DO MÊS | G14: SALDO FINAL DO MÊS
A15: 1 | B15: MM/AAAA | C15: 0 | D15: 0 | F15: 0 | G15: =C15-D15+F15 -> 0
A16: 2 | B16: MM/AAAA | C16: 0 | D16: 0 | F16: 0 | G16: =#N/A -> #N/A
A17: 3 | B17: MM/AAAA | C17: 0 | D17: 0 | F17: 0 | G17: =#N/A -> #N/A
A18: 4 | B18: MM/AAAA | C18: 0 | D18: 0 | F18: 0 | G18: =#N/A -> #N/A
A19: 5 | B19: MM/AAAA | C19: 0 | D19: 0 | F19: 0 | G19: =#N/A -> #N/A
A20: 6 | B20: MM/AAAA | C20: 0 | D20: 0 | F20: 0 | G20: =#N/A -> #N/A
A21: 7 | B21: MM/AAAA | C21: 0 | D21: 0 | F21: 0 | G21: =#N/A -> #N/A
A22: 8 | B22: MM/AAAA | C22: 0 | D22: 0 | F22: 0 | G22: =#N/A -> #N/A
A23: 9 | B23: MM/AAAA | C23: 0 | D23: 0 | F23: 0 | G23: =#N/A -> #N/A
A24: 10 | B24: MM/AAAA | C24: 0 | D24: 0 | F24: 0 | G24: =#N/A -> #N/A
A25: 11 | B25: MM/AAAA | C25: 0 | D25: 0 | F25: 0 | G25: =#N/A -> #N/A
A26: 12 | B26: MM/AAAA | C26: 0 | D26: 0 | F26: 0 | G26: =#N/A -> #N/A
A27: 13 | B27: MM/AAAA | C27: 0 | D27: 0 | F27: 0 | G27: =#N/A -> #N/A
... A38: 24 | B38: MM/AAAA | C38: 0 | D38: 0 | F38: 0 | G38: =#N/A -> #N/A
A39: TOTAL DO RENDIMENTO NO PERÍODO DA APLICAÇÃO | F39: =SUM(F15:F38) -> 0
A40: SALDO DA APLICAÇÃO FINANCEIRA | F40: =G38 -> #N/A
B45: RESUMO
B46: VALOR TOTAL APLICADO: | E46: =SUM(C15:C38) -> 0
B47: RENDIMENTO TOTAL NO PERÍODO | E47: =F39 -> 0
B48: RESGATES TOTAIS NO PERÍODO | E48: =SUM(D15:E38) -> 0
B49: SALDO ATUAL: | E49: =E46+E47-E48 -> 0

Sheet 6. DETALHAMENTO SUBVENÇÃO
A2: TÍTULO: DETALHAMENTO DAS DESPESAS REALIZADAS COM RECURSOS DA SUBVENÇÃO ECONÔMICA À INOVAÇÃO | G2: Versão:001
G3: Aprovada: 17/11/2020
G4: Revisão: 17/11/2025
A5: SUBVENÇÃO ECONÔMICA À INOVAÇÃO
A6: RELATÓRIO DE PRESTAÇÃO DE CONTAS FINANCEIRA
A7: 6. DETALHAMENTO DAS DESPESAS REALIZADAS COM RECURSOS DA SUBVENÇÃO ECONÔMICA
A8: Razão Social: | C8: ='4. CONCILIAÇÃO BANCÁRIA'!B8 -> 0 | F8: CNPJ: | G8: ='3. DEMONSTRATIVO DA RECEITA'!H8 -> 0
A9: Nº Termo de Outorga: | C9: ='4. CONCILIAÇÃO BANCÁRIA'!B9 -> 0 | D9: Nº Processo: | E9: ='2. IDENTIFICAÇÃO DO PROJETO'!H16 -> 0
A10: Título do Projeto: | C10: ='9. BENS DURÁVEIS'!C10:I10 -> 0
A11: Lista de pagamentos em ordem cronológica
A12: Nº de Ordem | B12: Data de Pagamento Informar em ordem cronológica | C12: Nº da Nota Fiscal ou Cupom Fiscal ou Documento fiscal Válido | D12: Fornecedor (Empresa ou Pessoa Física que recebeu o pagamento) | F12: Especificação da Despesa Escolha entre os itens listados no menu que se abre ao clicar na seta que aparece à direita em cada célula desta coluna | G12: Valor
A13: 1º | G13: 0
A14: 2º | G14: 0
A15: 3º | G15: 0
A16: 4º | G16: 0
A17: 5º | G17: 0
A18: 6º | G18: 0
A19: 7º | G19: 0
A20: 8º | G20: 0
A21: 9º | G21: 0
A22: 10º | G22: 0
A23: 11º | G23: 0
A24: 12º | G24: 0
... A92: 80º | G92: 0
A93: TOTAL: | G93: =SUM(G13:G92) -> 0
A95: * Conforme as despesas contantes no Plano de Trabalho aprovado.

Sheet 7. DETALHAMENTO CONTRAPARTIDA
A2: TÍTULO: DETALHAMENTO DAS DESPESAS REALIZADAS COM RECURSOS DA CONTRAPARTIDA – SUBVENÇÃO ECONÔMICA À INOVAÇÃO | H2: Versão:001
A3: Código: FOR – 040 | H3: Aprovada: 17/11/2020
H4: Revisão: 17/11/2025
A5: SUBVENÇÃO ECONÔMICA À INOVAÇÃO
A6: RELATÓRIO DE PRESTAÇÃO DE CONTAS FINANCEIRA
A7: 7. DETALHAMENTO DAS DESPESAS REALIZADAS COM RECURSOS DA CONTRAPARTIDA
A8: Razão Social: | C8: ='4. CONCILIAÇÃO BANCÁRIA'!B8 -> 0 | G8: CNPJ: | H8: ='3. DEMONSTRATIVO DA RECEITA'!H8 -> 0
A9: Nº Termo de Outorga: | C9: ='4. CONCILIAÇÃO BANCÁRIA'!B9 -> 0 | E9: Nº Processo: | F9: ='2. IDENTIFICAÇÃO DO PROJETO'!H16 -> 0
A10: Título do Projeto: | C10: ='4. CONCILIAÇÃO BANCÁRIA'!B10:D10 -> 0
A11: Lista de pagamentos em ordem cronológica
A12: Nº de Ordem | B12: Indicar se a despesa é coberta com Contrapartida Financeira (CF) ou Econômica (CE) | C12: Data de Pagamento Informar em ordem cronológica | D12: Nº da Nota Fiscal ou Cupom Fiscal ou Documento fiscal Válido | E12: Fornecedor (Empresa ou Pessoa Física que recebeu o pagamento) | G12: Especificação da Despesa Escolha entre os itens listados no menu que se abre ao clicar na seta que aparece à direita em cada célula dessa coluna | H12: Valor
A13: 1º | H13: 0
A14: 2º | H14: 0
A15: 3º | H15: 0
A16: 4º | H16: 0
A17: 5º | H17: 0
A18: 6º | H18: 0
A19: 7º | H19: 0
A20: 8º | H20: 0
A21: 9º | H21: 0
A22: 10º | H22: 0
A23: 11º | H23: 0
A24: 12º | H24: 0
... A43: 31º | H43: 0
A44: SUB TOTAL CONTRAPARTIDA FINANCEIRA (CF): | H44: =SUMIF(B$13:B$43,"CF",H$13:H$43) -> 0
A45: SUB TOTAL CONTRAPARTIDA ECONÔMICA (CE): | H45: =SUMIF(B$14:B$43,"CE",H$14:H$43) -> 0
A46: TOTAL GERAL DA CONTRAPARTIDA APLICADA: | H46: =SUM(H13:H43) -> 0
A48: * Conforme as despesas contantes no Plano de Trabalho aprovado.

Sheet 8. RELATÓRIO DE VIAGENS
A2: TÍTULO: RELATÓRIO DE VIAGENS – SUBVENÇÃO ECONÔMICA À INOVAÇÃO | H2: Versão:001
H3: Aprovada: 17/11/2020
H4: Revisão: 17/11/2025
A5: SUBVENÇÃO ECONÔMICA À INOVAÇÃO
A6: RELATÓRIO DE PRESTAÇÃO DE CONTAS FINANCEIRA
A7: 8. RELATÓRIO DE VIAGENS
A8: Período da viagem: | E8: a
A9: Meio de locomoção:
A11: TRAJETO PERCORRIDO
A12: Dia | B12: Localidade
A20: SERVIÇOS EXECUTADOS E PESSOAS CONTRATADAS
A26: RESULTADOS ALCANÇADOS
A32: RECIBO
A33: Eu, (nome completo e CPF), declaro que recebi de (_________________________________________________________) a importância de R$_______________ (_________________________________) referente a ________ (________) diária(s) no período de ____ / ____ / ________ a _____ / _______ / __________ para desenvolvimento de atividades previstas no plano de trabalho aprovado pela FAPEG, através do processo nº _____________________________, na localidade de ____________________________.
A34: OBSERVAÇÕES
A40: _____________________________, _________ de ____________________ de __________ ________________________________________ Assinatura
A49: PARA O CALCULO DA DIÁRIA INDIQUE A DATA DE IDA E DE RETORNO DE ACORDO COM A LOCALIDADE (INTERIOR OU CAPITAL)
A50: TABELA DE DIÁRIAS APÓS 27/01/2022 (Decreto Estadual nº 10.026/22) | C50: INTEIRA | D50: DATA | F50: Nº DIÁRIAS | G50: CÁLCULO DAS DIÁRIAS
D51: DE | E51: ATÉ
A52: INTERIOR | C52: 230 | F52: =#N/A -> #N/A | G52: =#N/A -> #N/A
A53: CAPITAIS | C53: 450 | F53: =#N/A -> #N/A | G53: =#N/A -> #N/A

Sheet 9. BENS DURÁVEIS
A2: TÍTULO: DETALHAMENTO DAS DESPESAS REALIZADAS COM RECURSOS DA CONTRAPARTIDA – SUBVENÇÃO ECONÔMICA À INOVAÇÃO | I2: Versão:001
A3: Código: FOR – 040 | I3: Aprovada: 17/11/2020
I4: Revisão: 17/11/2025
A5: SUBVENÇÃO ECONÔMICA À INOVAÇÃO
A6: RELATÓRIO DE PRESTAÇÃO DE CONTAS FINANCEIRA
A7: 9. DETALHAMENTO DAS DESPESAS REALIZADAS COM BENS DURÁVEIS
A8: Razão Social: | C8: ='4. CONCILIAÇÃO BANCÁRIA'!B8 -> 0 | H8: CNPJ: | I8: ='3. DEMONSTRATIVO DA RECEITA'!H8 -> 0
A9: Nº Termo de Outorga: | C9: ='4. CONCILIAÇÃO BANCÁRIA'!B9 -> 0 | F9: Nº Processo: | G9: ='2. IDENTIFICAÇÃO DO PROJETO'!H16 -> 0
A10: Título do Projeto: | C10: ='4. CONCILIAÇÃO BANCÁRIA'!B10:D10 -> 0
A11: Lista de pagamentos em ordem cronológica
A12: Nº de Ordem | B12: Indicar se a despesa é coberta com Subvenção, Contrapartida Financeira ou Econômica | C12: Nº do Tombamento | D12: Data da Nota Fiscal | E12: Nº da Nota Fiscal | F12: Fornecedor (Empresa ou Pessoa Física que recebeu o pagamento) | H12: Especificação da Despesa Escolha entre os itens listados no menu que se abre ao clicar na seta que aparece à direita em cada célula dessa coluna | I12: Valor
A13: 1º | I13: 0
A14: 2º | I14: 0
A15: 3º | I15: 0
A16: 4º | I16: 0
A17: 5º | I17: 0
A18: 6º | I18: 0
A19: 7º | I19: 0
A20: 8º | I20: 0
A21: 9º | I21: 0
A22: 10º | I22: 0
A23: 11º | I23: 0
A24: 12º | I24: 0
... A43: 31º | I43: 0
A44: SUB TOTAL CONTRAPARTIDA FINANCEIRA (CF): | I44: =SUMIF(B$13:B$43,"Contrapartida Financeira",I$13:I$43) -> 0
A45: SUB TOTAL CONTRAPARTIDA ECONÔMICA (CE): | I45: =SUMIF(B$14:B$43,"Contrapartida Econômica",I$13:I$43) -> 0
B46: SUB TOTAL DE SUBVENÇÃO | I46: =SUMIF(B$14:B$43,"Subvenção",I$13:I$43) -> 0
A47: TOTAL GERAL DA CONTRAPARTIDA APLICADA: | I47: =SUM(I13:I43) -> 20
A49: * Conforme as despesas contantes no Plano de Trabalho aprovado.
A55: Tombamento Provisório | B55: Documento Fiscal | D55: Descrição do Bem | F55: Localização do Bem (Setor/Departamento/Laboratório da Instituição) | H55: Valor
B56: Data de Emissão | C56: Nº

Sheet 10. DEMONSTRATIVO CONSOLIDADO
A2: TÍTULO: DEMONSTRATIVO CONSOLIDADO DA FONTE DE FINANCIAMENTO – SUBVENÇÃO ECONÔMICA À INOVAÇÃO | E2: Versão:001
E3: Aprovada: 17/11/2020
E4: Revisão: 17/11/2025
A5: SUBVENÇÃO ECONÔMICA À INOVAÇÃO
A6: RELATÓRIO DE PRESTAÇÃO DE CONTAS FINANCEIRA
A7: 10. DEMONSTRATIVO CONSOLIDADO POR FONTES DE FINANCIAMENTO
A9: ELEMENTO DA DESPESA | C9: RECURSOS DA SUBVENÇÃO
C10: VALOR ORÇADO | D10: VALOR REALIZADO | E10: SALDO
A11: Material de consumo | C11: 0 | D11: =SUMIF('6. DETALHAMENTO SUBVENÇÃO'!F$13:F$80,"Material de consumo",'6. DETALHAMENTO SUBVENÇÃO'!G$13:G$80) -> 0 | E11: =#N/A -> #N/A
A12: Outros serviços de Pessoa Jurídica | C12: 0 | D12: =SUMIF('6. DETALHAMENTO SUBVENÇÃO'!F$13:F$80,"Outros serviços Pessoa Jurídica",'6. DETALHAMENTO SUBVENÇÃO'!G$13:G$80) -> 0 | E12: =#N/A -> #N/A
A13: Passagens e despesas com locomoção | C13: 0 | D13: =SUMIF('6. DETALHAMENTO SUBVENÇÃO'!F$13:F$80,"Passagens e despesas com locomoção",'6. DETALHAMENTO SUBVENÇÃO'!G$13:G$80) -> 0 | E13: =#N/A -> #N/A
A14: Serviços de consultoria | C14: 0 | D14: =SUMIF('6. DETALHAMENTO SUBVENÇÃO'!F$13:F$80,"Serviços de consultoria",'6. DETALHAMENTO SUBVENÇÃO'!G$13:G$80) -> 0 | E14: =#N/A -> #N/A
A15: Hospedagem e alimentação | C15: 0 | D15: =SUMIF('6. DETALHAMENTO SUBVENÇÃO'!F$13:F$80,"Hospedagem e alimentação",'6. DETALHAMENTO SUBVENÇÃO'!G$13:G$80) -> 0 | E15: =#N/A -> #N/A
A16: Outros serviços de terceiros/Pessoa Física | C16: 0 | D16: =SUMIF('6. DETALHAMENTO SUBVENÇÃO'!F$13:F$80,"Outros serviços Pessoa Física",'6. DETALHAMENTO SUBVENÇÃO'!G$13:G$80) -> 0 | E16: =#N/A -> #N/A
A17: Salários e encargos da equipe de P&D | C17: 0 | D17: =SUMIF('6. DETALHAMENTO SUBVENÇÃO'!F$13:F$80,"Salários e encargos da equipe de P&D",'6. DETALHAMENTO SUBVENÇÃO'!G$13:G$80) -> 0 | E17: =#N/A -> #N/A
A18: Bens duráveis | C18: 0 | D18: =SUMIF('6. DETALHAMENTO SUBVENÇÃO'!F$13:F$80,"Bens duráveis",'6. DETALHAMENTO SUBVENÇÃO'!G$13:G$80) -> 0 | E18: =#N/A -> #N/A
A19: SUBTOTAL | C19: =SUM(C11:C18) -> 0 | D19: =SUM(D11:D18) -> 0 | E19: =SUM(E11:E18) -> #N/A
A20: RENDIMENTOS DE APLICAÇÃO FINANCEIRA NO PERÍODO | E20: ='5. RENDIMENTO DA APLICAÇÃO'!E47 -> 0
A21: SALDO DOS RECURSOS DE SUBVENÇÃO APLICADOS NO PERÍODO | E21: =E19+E20 -> #N/A
A23: ELEMENTO DA DESPESA | C23: RECURSOS DA CONTRAPARTIDA DA EMPRESA
C24: VALOR ORÇADO | D24: VALOR REALIZADO | E24: SALDO
A25: Material de consumo | C25: 0 | D25: =SUMIF('7. DETALHAMENTO CONTRAPARTIDA'!G13:G43,"Material de consumo",'7. DETALHAMENTO CONTRAPARTIDA'!H13:H43) -> 0 | E25: =#N/A -> #N/A
A26: Outros serviços de Pessoa Jurídica | C26: 0 | D26: =SUMIF('7. DETALHAMENTO CONTRAPARTIDA'!G13:G43,"Outros Serviços Pessoa Jurídica",'7. DETALHAMENTO CONTRAPARTIDA'!H13:H43) -> 0 | E26: =#N/A -> #N/A
A27: Passagens e despesas com locomoção | C27: 0 | D27: =SUMIF('7. DETALHAMENTO CONTRAPARTIDA'!G13:G43,"Passagens e despesas com locomoção",'7. DETALHAMENTO CONTRAPARTIDA'!H13:H43) -> 0 | E27: =#N/A -> #N/A
A28: Serviços de consultoria | C28: 0 | D28: =SUMIF('7. DETALHAMENTO CONTRAPARTIDA'!G13:G43,"Serviços de Consultoria",'7. DETALHAMENTO CONTRAPARTIDA'!H13:H43) -> 0 | E28: =#N/A -> #N/A
A29: Hospedagem e alimentação | C29: 0 | D29: =SUMIF('7. DETALHAMENTO CONTRAPARTIDA'!G13:G43,"Hospedagem e Alimentação",'7. DETALHAMENTO CONTRAPARTIDA'!H13:H43) -> 0 | E29: =#N/A -> #N/A
A30: Outros serviços de terceiros/Pessoa Física | C30: 0 | D30: =SUMIF('7. DETALHAMENTO CONTRAPARTIDA'!G13:G43,"Outros Serviços Pessoa Física",'7. DETALHAMENTO CONTRAPARTIDA'!H13:H43) -> 0 | E30: =#N/A -> #N/A
A31: Salários e encargos da equipe de P&D | C31: 0 | D31: =SUMIF('7. DETALHAMENTO CONTRAPARTIDA'!G13:G43,"Salários e encargos da equipe de P&D",'7. DETALHAMENTO CONTRAPARTIDA'!H13:H43) -> 0 | E31: =#N/A -> #N/A
A32: Bens duráveis | C32: 0 | D32: =SUMIF('7. DETALHAMENTO CONTRAPARTIDA'!G13:G43,"Bens Duráveis",'7. DETALHAMENTO CONTRAPARTIDA'!H13:H43) -> 0 | E32: =#N/A -> #N/A
A33: TOTAL | C33: =SUM(C25:C32) -> 0 | D33: =SUM(D25:D32) -> 0 | E33: =SUM(E25:E32) -> #N/A
A34: VALOR TOTAL APLICADO A TÍTULO DE CONTRAPARTIDA NO PERÍODO | E34: =SUM(D25:D32) -> 0
